 Dungeon Crawl Stone Soup version 0.31-a0-446-g07c4bd200f (webtiles) character file.

Game seed: 1152076425936558122

2388 Ethylacetat the Insei (level 9, -3/75 HPs)
             Began as a Vine Stalker Monk on Aug 3, 2023.
             Was an Initiate of Gozag.
             Slain by an unseen horror (8 damage)
             ... on level 9 of the Dungeon.
             The game lasted 00:07:00 (4215 turns).

Ethylacetat the Insei (Vine Stalker Monk)           Turns: 4215, Time: 00:07:01

Health: -3/75      AC: -2    Str: 15    XL:     9   Next: 46%
Magic:  0/29       EV: 13    Int: 10    God:    Gozag
Gold:   1090       SH:  0    Dex: 20    Spells: 22/22 levels left

rFire   . . .        u - +5 short sword
rCold   . . .        c - orb {light}
rNeg    . . .        a - +0 robe
rPois   +            (no helmet)
rElec   .            (no cloak)
rCorr   .            (no gloves)
SInv    .            (no boots)
Will    +....        (no amulet) Stlth
                     l - ring of magical power
HPRegen 1.12/turn    e - ring of Itwaf {rPois AC+4 Slay+2}
MPRegen 0.21/turn

%: guardian spirit
@: berserking (expiring), corroded, glowing, very quick
A: fangs 3, regeneration 1, magic shield, antimagic bite, no potion heal 2
a: Renounce Religion, Potion Petition, Call Merchant, Bribe Branch


You were on level 9 of the Dungeon.
You worshipped Gozag.
Gozag was most pleased with you.
You visited 2 branches of the dungeon, and saw 9 of its levels.

You collected 1090 gold pieces.

Inventory:

Hand Weapons
 u - a +5 short sword (weapon)
Armour
 a - a +0 robe (worn)
 c - an orb of light (worn)
Jewellery
 e - the ring of Itwaf (right hand) {rPois AC+4 Slay+2}
   (You took it off an orc on level 7 of the Dungeon)

   [ring of protection]

   AC:        It affects your AC (+4).
   Slay:      It affects your accuracy & damage with ranged weapons and melee
   (+2).
   rPois:     It protects you from poison.
 l - a ring of magical power (left hand)
 z - the ring "Vuobram" {rN+ Dex+2}
   (You found it on level 7 of the Dungeon)

   [ring of positive energy]

   Dex:       It affects your dexterity (+2).
   rN:        It protects you from negative energy.
Wands
 x - a wand of digging (6)
 y - a wand of mindburst (16)
Scrolls
 d - a scroll of blinking {unknown}
 g - 7 scrolls of identify {unknown}
 j - a scroll of acquirement {unknown}
 m - 2 scrolls of noise
 o - a scroll of fear {unknown}
 p - 2 scrolls of revelation {unknown}
 r - 2 scrolls of poison {unknown}
 s - 2 scrolls of teleportation {unknown}
Potions
 b - 2 potions of ambrosia
 f - 7 potions of curing
 h - a potion of magic {unknown}
 i - 3 potions of enlightenment {unknown}
 k - a potion of haste {unknown}
 n - a potion of attraction {unknown}
 q - a potion of might {unknown}
 t - a potion of lignification {unknown}
 v - 2 potions of cancellation {unknown}
 w - a potion of brilliance {unknown}
 B - a potion of heal wounds {unknown}


   Skills:
 + Level 7.2 Fighting
 - Level 2.4 Dodging
 + Level 7.7 Unarmed Combat
 + Level 7.0 Spellcasting


You had 22 spell levels left.
You didn't know any spells.
Your spell library contained the following spells:

 Spells                   Type           Power      Damage    Failure   Level
 Summon Small Mammal      Summ           12%        N/A       19%         1
 Call Canine Familiar     Summ           3%         N/A       50%         3
 Summon Guardian Golem    Hex/Summ       3%         N/A       50%         3


Dungeon Overview and Level Annotations

Branches:
Dungeon (9/15)             Temple (1/1) D:7
   Lair: D:8-11         Orc: D:9-12

Altars:
Ashenzari
Cheibriados
Dithmenos
Elyvilon
Fedhas
Gozag
Hepliaklqana
Kikubaaqudgha
Makhleb
Nemelex Xobeh
Okawaru
Qazlal
Ru
Sif Muna
Trog
Uskayaw
Vehumet
Wu Jian
Xom
Yredelemnul
Zin
The Shining One


Innate Abilities, Weirdness & Mutations

You have razor-sharp teeth.
Your natural rate of healing is unusually fast.
When hurt, damage is shared between your health and your magic reserves.
Your bite disrupts and absorbs the magic of your enemies.
Potions cannot restore your health.


Message History

A killer bee comes into view.
The acid dragon bites you! The acid dragon claws you.
The killer bee moves out of view.
Okay, then.
As you read the scroll labelled ROKLADDEFE, it crumbles to dust.
You hear a loud clanging noise!
It was a scroll of noise.
You hear an angry buzzing noise.
You hear a bellow! x2
You hear a loud, deep croak!
You hear a howl! x3
You hear an angry buzzing noise.
The acid dragon spits acid at you. The splash of acid hits you!
The acid corrodes you!
You hear an angry buzzing noise.
A red film seems to cover your vision as you go berserk!
You feel yourself moving faster!
You feel mighty! The acid dragon spits acid at you.
The splash of acid hits you!!
* * * LOW HITPOINT WARNING * * *
The acid corrodes you!
A yak comes into view. x2
The yak bellows!
You hear a howl!
You puncture the killer bee!
The killer bee is severely wounded.
The killer bee barely misses you.
An unseen horror comes into view.
You feel a strong urge to attack something.
The unseen horror hits you.
* * * LOW HITPOINT WARNING * * *
The killer bee completely misses you. The unseen horror hits you.
* * * LOW HITPOINT WARNING * * *
The killer bee attacks as you move away!
The killer bee stings you!
* * * LOW HITPOINT WARNING * * *
You feel your anger nearly subside. The unseen horror closely misses you.
You hit the unseen horror but do no damage.
The unseen horror hits you!
You die...
Your body crumbles into a pile of gold.

..Y.... ........#.....##.
....... .......##......##
..:.... ##.................
......Y###..................
....................##..###.
...........#............# ##
$
#........Ty##....#.....#####
##.......Dx#....##.##....##.
........y.#@.....#.......###
..........##..............#
#.....##.##....#.........##
#..... /###....###....#.##
........ ##..####....###
###.... #.###.....## #...
### ###...# #...# #..##


You could see a yak, a troll, an unseen horror (invisible), an acid dragon and a
killer bee.

Vanquished Creatures
  Pikel (D:7)
  A wyvern (D:9)
  An acid dragon (D:8)
  An orc warrior (D:8)
  2 sky beasts
  3 centaurs
  A phantom (D:7)
  2 bullfrogs
  A kobold brigand (D:7)
  A gnoll sergeant (D:7)
  A scorpion (D:4)
  4 wights (D:7)
  3 howler monkeys (D:8)
  A hound (D:3)
  2 orc priests (D:7)
  2 iguanas (D:7)
  3 sleepcaps
  2 orc wizards (D:7)
  5 adders
  4 gnolls
  A shadow imp (D:7)
  A white imp (D:7)
  2 worms
  2 dart slugs
  18 orcs
  13 ball pythons
  9 bats
  6 endoplasms
  3 giant cockroaches (D:1)
  3 goblins
  3 hobgoblins
  A quokka (D:1)
  5 frilled lizards
  9 kobolds
  4 rats
  A spectral goblin (D:1)
122 creatures vanquished.

Notes
Turn   | Place    | Note
-------+----------+-------------------------------------------
     0 | D:1      | Ethylacetat the Vine Stalker Monk began the quest for the
                  | Orb.
     0 | D:1      | Reached XP level 1. HP: 11/11 MP: 2/2
   117 | D:1      | Reached XP level 2. HP: 16/16 MP: 3/3
   208 | D:1      | Reached skill level 1 in Spellcasting
   273 | D:1      | Reached XP level 3. HP: 13/20 MP: 3/5
   361 | D:1      | Found a faded altar of an unknown god.
   371 | D:1      | Prayed at the altar of an unknown god.
   371 | D:1      | Became a worshipper of Gozag Ym Sagoz the Greedy
  1177 | D:3      | Gained mutation: Your natural rate of healing is unusually
                  | fast. [Vine Stalker growth]
  1177 | D:3      | Reached XP level 4. HP: 22/24 MP: 7/7
  1496 | D:3      | Found an ancient bone altar of Kikubaaqudgha.
  1496 | D:3      | Found a white marble altar of Elyvilon.
  1504 | D:3      | Found a snail-covered altar of Cheibriados.
  1506 | D:3      | Found an ornate altar of the Wu Jian Council.
  1508 | D:3      | Found a basalt altar of Yredelemnul.
  1636 | D:3      | Found a broken altar of Ashenzari.
  1819 | D:3      | Reached XP level 5. HP: 29/29 MP: 9/9
  2241 | D:4      | You fall into a shaft and drop 3 floors!
  2246 | D:7      | Identified the ring of Itwaf {rPois AC+4 Slay+2}
  2250 | D:7      | Reached XP level 6. HP: 33/33 MP: 11/11
  2384 | D:6      | Reached XP level 7. HP: 28/38 MP: 12/13
  2411 | D:7      | Reached skill level 5 in Unarmed Combat
  2538 | D:7      | Reached skill level 5 in Fighting
  2845 | D:7      | Found a staircase to the Ecumenical Temple.
  2884 | Temple   | Entered the Ecumenical Temple
  2982 | D:7      | Noticed Pikel
  2998 | D:7      | Killed Pikel
  2999 | D:7      | Reached skill level 5 in Spellcasting
  2999 | D:7      | Gained mutation: You have razor-sharp teeth. [Vine Stalker
                  | growth]
  2999 | D:7      | Reached XP level 8. HP: 30/44 MP: 12/17
  3147 | D:7      | Identified the ring "Vuobram" {rN+ Dex+2}
  3485 | D:8      | Reached XP level 9. HP: 49/49 MP: 19/19
  4002 | D:9      | Found a sparkling altar of Nemelex Xobeh.
  4205 | D:9      | Noticed a troll
  4211 | D:9      | Noticed an unseen horror
  4215 | D:9      | Slain by an unseen horror

Illustrated notes

Levels and vault maps discovered:
D:1:      dpeg_arrival_connections, layout_basic,
          dreamdust_ecumenical_altar_drowned_temple,
          minmay_misc_feat_four_crosses
D:2:      cheibrodos_old_hovel, layout_basic
D:3:      layout_rooms, chequers_temple_overflow_minitemple,
          nicolae_ashenzari_panopticon, serial_corexii_hall,
          chequers_hall_statues_wall_a, corexii_hall_statues_i,
          chequers_hall_statues_y, chequers_hall_statues_y
D:4:      layout_basic
D:6:      layout_basic, uniq_crazy_yiuf_cottage
D:7:      layout_loops_cross, minmay_temple_entry_gardened_gates, uniq_pikel
D:8:      layout_loops_ring, st_stairs_8
D:9:      layout_cave_pools, mainiacjoe_overflow_alcove_1,
          eino_house_with_fridge
Temple:   nicolae_temple_bog_church

Skill      XL: |  1  2  3  4  5  6  7  8  9 |
---------------+----------------------------+-----
Fighting       | 3 4 6 7 |  7.2
Spellcasting   | 1 2 3 5 6 7 |  7.0
Unarmed Combat | 4 6 7 |  7.7
Dodging        | |  2.4

Action                     |  1- 3 |  4- 6 |  7- 9 || total
---------------------------+-------+-------+-------++-------
  Melee: Unarmed           |    93 |   115 |    12 ||   220
         Bite              |    31 |    41 |    67 ||   139
         Short sword       |       |       |   142 ||   142
    Use: Potion            |       |     2 |     1 ||     3
         Scroll            |       |       |     1 ||     1
   Stab: Sleeping          |     1 |       |       ||     1
         Distracted        |       |       |     2 ||     2
 Armour: Robe              |    17 |    11 |    33 ||    61
  Dodge: Dodged            |    52 |    76 |    79 ||   207

Table legend: (Time is in decaauts)
 A = Elapsed time spent in this place.
 B = Non-inter-level travel time spent in this place.
 C = Inter-level travel time spent in this place.
 D = Time resting spent in this place.
 E = Time spent auto-exploring this place.
 F = Levels seen in this place.
 G = Mean time per level.
                   A        B        C        D        E       F      G
               +--------+--------+--------+--------+--------+-----+--------+
         Total |   4206 |   4062 |    144 |     15 |   3283 |   9 |  467.3 |
       Dungeon |   4204 |   4060 |    144 |     15 |   3283 |   8 |  525.5 |
        Temple |      1 |      1 |      0 |      0 |      0 |   1 |    1.0 |
               +--------+--------+--------+--------+--------+-----+--------+

Top non-repeatable levels by time:
     D:7: 1030 daAuts
     D:3: 807 daAuts
     D:8: 709 daAuts
     D:2: 629 daAuts
     D:1: 541 daAuts
     D:4: 257 daAuts
     D:9: 213 daAuts
     D:6: 15 daAuts
  Temple: 1 daAuts
